3L
HARTFORD WHALERS @ OAKLAND OAKS
08/09/2022
 
TOP OF THE 1ST
Hartford Whalers batting - Pitching for Oakland Oaks : RHP José García
Pitching: RHP José García
Batting: RHB Dave Farr 0-0: Ball
1-0: Called Strike
1-1: Foul Ball, location: 2F
1-2: Strikes out looking
Batting: RHB Phil Hayes 0-0: Ball
1-0: Fly out, F9 (Flyball, 9LM)
Batting: LHB César Durán 0-0: Ball
1-0: Fly out, F4 (Popup, 4M)
Top of the 1st over - 0 run(s), 0 hit(s), 0 error(s), 0 left on base; Hartford 0 - Oakland 0
BOTTOM OF THE 1ST
Oakland Oaks batting - Pitching for Hartford Whalers : RHP Christian Patrick
Pitching: RHP Christian Patrick
Batting: LHB Todd Williams 0-0: Ball
1-0: Swinging Strike
1-1: Called Strike
1-2: Ball
2-2: Ball
3-2: DOUBLE (Line Drive, 78XD)
Batting: LHB Edwin Church 0-0: Called Strike
0-1: Ball
Wild Pitch!
Todd Williams to third
1-1: Fly out, F7 (Flyball, 7M)
Runner from 3rd tags up, SCORES, no throw
Batting: LHB Todd Henry 0-0: Ball
1-0: Ball
2-0: Ground out 4-3 (Groundball, 34)
Batting: RHB Dave Henderson 0-0: Fly out, F9 (Line Drive, 89M)
Bottom of the 1st over - 1 run(s), 1 hit(s), 0 error(s), 0 left on base; Hartford 0 - Oakland 1
TOP OF THE 2ND
Hartford Whalers batting - Pitching for Oakland Oaks : RHP José García
Batting: LHB Gerald Holloway 0-0: Fly out, F7 (Flyball, 7LMF)
Batting: RHB Brent Burgess 0-0: Ball
1-0: Ball
2-0: Called Strike
2-1: Foul Ball, location: 2F
2-2: Ball
3-2: SINGLE (Line Drive, 7S)
Batting: RHB Román Centena 0-0: Called Strike
0-1: Ball
1-1: Called Strike
1-2: Grounds into double play, 6-4-3 (Groundball, 6)
Top of the 2nd over - 0 run(s), 1 hit(s), 0 error(s), 0 left on base; Hartford 0 - Oakland 1
BOTTOM OF THE 2ND
Oakland Oaks batting - Pitching for Hartford Whalers : RHP Christian Patrick
Batting: LHB Randy Daugherty 0-0: Ground out 4-3 (Groundball, 34)
Batting: SHB John Allen 0-0: Ball
1-0: Ball
2-0: SINGLE (Line Drive, 9LS)
Batting: LHB Johnny Hernández 0-0: Ball
1-0: Called Strike
1-1: Foul Ball, location: 2F
1-2: Ball
2-2: Ball
3-2: Fly out, F9 (Line Drive, 9M)
Batting: LHB Ron Frazier 0-0: Called Strike
0-1: Ball
1-1: Foul Ball, location: 2F
1-2: Foul Ball, location: 2F
1-2: Ball
2-2: Ground out 5-3 (Groundball, 5S)
Bottom of the 2nd over - 0 run(s), 1 hit(s), 0 error(s), 1 left on base; Hartford 0 - Oakland 1
TOP OF THE 3RD
Hartford Whalers batting - Pitching for Oakland Oaks : RHP José García
Batting: LHB Norm Ortega 0-0: Swinging Strike
0-1: Ball
1-1: Foul Ball, location: 2F
1-2: Fly out, F5 (Popup, 25F)
Batting: RHB Javier Díaz 0-0: Foul Ball, location: 2F
0-1: Ball
1-1: Fly out, F2 (Popup, 2RF)
Batting: LHB James Sorensen 0-0: Ground out 4-3 (Groundball, 4)
Top of the 3rd over - 0 run(s), 0 hit(s), 0 error(s), 0 left on base; Hartford 0 - Oakland 1
BOTTOM OF THE 3RD
Oakland Oaks batting - Pitching for Hartford Whalers : RHP Christian Patrick
Batting: LHB Jesús Quintanilla 0-0: Called Strike
0-1: Swinging Strike
0-2: Ball
1-2: Ball
2-2: Strikes out swinging
Batting: LHB Todd Williams 0-0: Ball
1-0: Ball
2-0: Ball
3-0: Base on Balls
Batting: LHB Edwin Church 0-0: Ball
1-0: Called Strike
1-1: Ball
2-1: Ball
3-1: SINGLE (Groundball, 3D)
Todd Williams to second
Runner from 2nd tries for 3rd, SAFE, no throw or cutoff
Batting: LHB Todd Henry 0-0: Ball
1-0: Ball
2-0: Foul Ball, location: 2F
2-1: Ball
3-1: Base on Balls
Edwin Church to second
Batting: RHB Dave Henderson 0-0: Called Strike
0-1: Foul Ball, location: 2F
0-2: Foul Ball, location: 2F
0-2: Ball
1-2: Foul Ball, location: 2F
1-2: Ball
2-2: Foul Ball, location: 2F
2-2: Strikes out looking
Batting: LHB Randy Daugherty 0-0: SINGLE (Groundball, 34S)
Todd Williams scores
Edwin Church to third
Todd Henry to second
Runner from 3rd tries for Home, SAFE, no throw or cutoff
Batting: SHB John Allen 0-0: Ball
1-0: Ball
2-0: Ball
3-0: Called Strike
3-1: Ground out 2-3 (Groundball, 2L)
Bottom of the 3rd over - 2 run(s), 2 hit(s), 0 error(s), 2 left on base; Hartford 0 - Oakland 3
TOP OF THE 4TH
Hartford Whalers batting - Pitching for Oakland Oaks : RHP José García
Batting: RHB Dave Farr 0-0: Ball
1-0: Ball
2-0: Called Strike
2-1: Called Strike
2-2: DOUBLE (Line Drive, 5L)
Batting: RHB Phil Hayes 0-0: Ball
1-0: Called Strike
1-1: Fly out, F8 (Flyball, 8LM)
Batting: LHB César Durán 0-0: Foul Ball, location: 2F
0-1: Ball
1-1: Swinging Strike
1-2: Strikes out looking
Batting: LHB Gerald Holloway 0-0: Ball
1-0: DOUBLE (Groundball, 3L)
Dave Farr scores
Batting: RHB Brent Burgess 0-0: SINGLE (Line Drive, 89S)
Gerald Holloway to third
Runner from 3rd tries for Home, SAFE, no throw or cutoff
Batting: RHB Román Centena 0-0: Ball
1-0: Ball
2-0: Foul Ball, location: 2F
2-1: SINGLE (Groundball, 34D)
Brent Burgess to second
Runner from 2nd tries for 3rd, SAFE, throw made to third
Román Centena to second
Batting: LHB Norm Ortega 0-0: Called Strike
0-1: Fly out, F8 (Flyball, 89D)
Top of the 4th over - 2 run(s), 4 hit(s), 0 error(s), 2 left on base; Hartford 2 - Oakland 3
BOTTOM OF THE 4TH
Oakland Oaks batting - Pitching for Hartford Whalers : RHP Christian Patrick
Batting: LHB Johnny Hernández 0-0: Ball
1-0: Foul Ball, location: 2F
1-1: Ball
2-1: Ball
3-1: Foul Ball, location: 2F
3-2: Base on Balls
Batting: LHB Ron Frazier 0-0: Called Strike
0-1: Ball
Johnny Hernández is caught stealing 2nd base
1-1: Swinging Strike
1-2: Ground out 6-3 (Groundball, 6)
Batting: LHB Jesús Quintanilla 0-0: Ball
1-0: Ball
2-0: Ball
3-0: Base on Balls
Batting: LHB Todd Williams 0-0: Ball
1-0: Ball
2-0: Ball
3-0: Called Strike
3-1: Called Strike
3-2: Ground out 4-3 (Groundball, 4M)
Bottom of the 4th over - 0 run(s), 0 hit(s), 0 error(s), 1 left on base; Hartford 2 - Oakland 3
TOP OF THE 5TH
Hartford Whalers batting - Pitching for Oakland Oaks : RHP José García
Batting: RHB Javier Díaz 0-0: Called Strike
0-1: Swinging Strike
0-2: Ball
1-2: Fly out, F7 (Flyball, 7M)
Batting: LHB James Sorensen 0-0: Ball
1-0: Called Strike
1-1: Called Strike
1-2: Foul Ball, location: 2F
1-2: Ground out 3-1 (Groundball, 3)
Batting: RHB Dave Farr 0-0: Foul Ball, location: 2F
0-1: Fly out, F8 (Line Drive, 8LM)
Top of the 5th over - 0 run(s), 0 hit(s), 0 error(s), 0 left on base; Hartford 2 - Oakland 3
BOTTOM OF THE 5TH
Oakland Oaks batting - Pitching for Hartford Whalers : RHP Christian Patrick
Batting: LHB Edwin Church 0-0: Foul Ball, location: 2F
0-1: Ball
1-1: Ball
2-1: Foul Ball, location: 2F
2-2: Foul Ball, location: 2F
2-2: Foul Ball, location: 2F
2-2: Foul Ball, location: 2F
2-2: Foul Ball, location: 2F
2-2: Foul Ball, location: 2F
2-2: Foul Ball, location: 2F
2-2: Ball
3-2: Base on Balls
Batting: LHB Todd Henry 0-0: Swinging Strike
0-1: Ball
1-1: 2-RUN HOME RUN (Flyball, 9LD), Distance : 364 ft
Batting: RHB Dave Henderson 0-0: Swinging Strike
0-1: Ball
1-1: Swinging Strike
1-2: Strikes out swinging
Batting: LHB Randy Daugherty 0-0: Called Strike
0-1: Swinging Strike
0-2: Ball
1-2: Foul Ball, location: 2F
1-2: Ball
2-2: DOUBLE (Line Drive, 89D)
Batting: SHB John Allen 0-0: Ball
1-0: Called Strike
1-1: Called Strike
1-2: Foul Ball, location: 2F
1-2: Ball
2-2: Ball
3-2: Ground out 4-3 (Groundball, 4S)
Randy Daugherty to third
Pitching: RHP Ernest White
Batting: LHB Johnny Hernández 0-0: Fly out, F9 (Line Drive, 9M)
Bottom of the 5th over - 2 run(s), 2 hit(s), 0 error(s), 1 left on base; Hartford 2 - Oakland 5
TOP OF THE 6TH
Hartford Whalers batting - Pitching for Oakland Oaks : RHP José García
Batting: RHB Phil Hayes 0-0: Ball
1-0: Called Strike
1-1: Ball
2-1: Swinging Strike
2-2: Strikes out swinging
Batting: LHB César Durán 0-0: Fly out, F8 (Flyball, 8LD)
Batting: LHB Gerald Holloway 0-0: Ball
1-0: Ground out 3-1 (Groundball, 34)
Top of the 6th over - 0 run(s), 0 hit(s), 0 error(s), 0 left on base; Hartford 2 - Oakland 5
BOTTOM OF THE 6TH
Oakland Oaks batting - Pitching for Hartford Whalers : RHP Ernest White
Batting: LHB Ron Frazier 0-0: Ball
1-0: Ball
2-0: Ground out 4-3 (Groundball, 4)
Batting: LHB Jesús Quintanilla 0-0: SINGLE (Groundball, 34D)
Batting: LHB Todd Williams 0-0: Ball
1-0: Called Strike
1-1: Ball
2-1: Foul Ball, location: 2F
2-2: Fly out, F3 (Popup, 3)
Batting: LHB Edwin Church 0-0: 2-RUN HOME RUN (Flyball, 9LD), Distance : 349 ft
Batting: LHB Todd Henry 0-0: Ball
1-0: DOUBLE (Line Drive, 9LM) - OUT at third base trying to stretch hit.
Bottom of the 6th over - 2 run(s), 3 hit(s), 0 error(s), 0 left on base; Hartford 2 - Oakland 7
TOP OF THE 7TH
Hartford Whalers batting - Pitching for Oakland Oaks : RHP José García
Batting: RHB Brent Burgess 0-0: Ground out 3-1 (Groundball, 34)
Batting: RHB Román Centena 0-0: Called Strike
0-1: Ball
1-1: Reached on error, E6 (Groundball, 6)
Batting: LHB Norm Ortega 0-0: Called Strike
0-1: Fly out, F8 (Flyball, 8RXD)
Batting: RHB Javier Díaz 0-0: Swinging Strike
0-1: Called Strike
0-2: Ball
1-2: Ball
2-2: Ground out 5-3 (Groundball, 5S)
Top of the 7th over - 0 run(s), 0 hit(s), 1 error(s), 1 left on base; Hartford 2 - Oakland 7
BOTTOM OF THE 7TH
Oakland Oaks batting - Pitching for Hartford Whalers : RHP Ernest White
Batting: RHB Dave Henderson 0-0: Ball
1-0: Ground out 5-3 (Groundball, 56S)
Batting: LHB Randy Daugherty 0-0: Foul Ball, location: 2F
0-1: Swinging Strike
0-2: Foul Ball, location: 2F
0-2: Ball
1-2: Foul Ball, location: 2F
1-2: DOUBLE (Line Drive, 8LXD)
Batting: SHB John Allen 0-0: Ball
1-0: Foul Ball, location: 2F
1-1: Ball
2-1: Ball
3-1: Base on Balls
Batting: LHB Johnny Hernández 0-0: Called Strike
Randy Daugherty is caught stealing 3rd base
John Allen to second
0-1: Ball
1-1: Swinging Strike
1-2: Ball
2-2: Ball
3-2: Foul Ball, location: 2F
3-2: Ground out 4-3 (Groundball, 4)
Bottom of the 7th over - 0 run(s), 1 hit(s), 0 error(s), 1 left on base; Hartford 2 - Oakland 7
TOP OF THE 8TH
Hartford Whalers batting - Pitching for Oakland Oaks : RHP José García
Now at 3B: Francisco Torres
Batting: LHB James Sorensen 0-0: Ball
1-0: Called Strike
1-1: Ball
2-1: Fly out, F7 (Line Drive, 78S)
Batting: RHB Dave Farr 0-0: Called Strike
0-1: Ball
1-1: Ball
2-1: Foul Ball, location: 2F
2-2: SINGLE (Line Drive, 6M)
Batting: RHB Phil Hayes 0-0: Ball
1-0: Fly out, F8 (Flyball, 8RM)
Batting: LHB César Durán 0-0: Called Strike
0-1: SINGLE (Groundball, 3D)
Dave Farr to second
Runner from 2nd tries for 3rd, SAFE, no throw or cutoff
Batting: LHB Gerald Holloway 0-0: Swinging Strike
0-1: Fly out, F8 (Flyball, 8RM)
Top of the 8th over - 0 run(s), 2 hit(s), 0 error(s), 2 left on base; Hartford 2 - Oakland 7
BOTTOM OF THE 8TH
Oakland Oaks batting - Pitching for Hartford Whalers : RHP Ernest White
Batting: LHB Ron Frazier 0-0: Ball
1-0: Swinging Strike
1-1: Foul Ball, location: 2F
1-2: Strikes out swinging
Batting: LHB Jesús Quintanilla 0-0: Called Strike
0-1: Fly out, F8 (Flyball, 8LM)
Pitching: RHP Bill Kelly
Batting: LHB Todd Williams 0-0: Hit by Pitch
Batting: LHB Edwin Church 0-0: Ball
1-0: Ball
2-0: SINGLE (Groundball, 4MD)
Todd Williams to second
Runner from 2nd tries for 3rd, SAFE, no throw or cutoff
Batting: LHB Todd Henry 0-0: Ball
1-0: Foul Ball, location: 2F
1-1: Foul Ball, location: 2F
1-2: SINGLE (Line Drive, 4D)
Todd Williams scores
Edwin Church to second
Batting: RHB Dave Henderson 0-0: Ball
1-0: Called Strike
1-1: Fly out, F7 (Flyball, 78D)
Bottom of the 8th over - 1 run(s), 2 hit(s), 0 error(s), 2 left on base; Hartford 2 - Oakland 8
TOP OF THE 9TH
Hartford Whalers batting - Pitching for Oakland Oaks : RHP José García
Batting: RHB Brent Burgess 0-0: Ball
1-0: Foul Ball, location: 2F
1-1: Swinging Strike
1-2: Strikes out looking
Batting: RHB Román Centena 0-0: Ball
1-0: Ball
2-0: Ball
3-0: Base on Balls
Batting: LHB Norm Ortega 0-0: Ball
1-0: Foul Ball, location: 2F
1-1: Ball
2-1: Ground out 1-3 (Groundball, 3S)
Román Centena to second
Batting: RHB Javier Díaz 0-0: Ball
1-0: Foul Ball, location: 2F
1-1: Ball
2-1: Foul Ball, location: 2F
2-2: Ground out 5-3 (Groundball, 5L)
Top of the 9th over - 0 run(s), 0 hit(s), 0 error(s), 1 left on base; Hartford 2 - Oakland 8
This league is powered by Out of the Park Baseball, the baseball management simulation game for PC, Mac and Linux
Friday, April 15th, 2016 - OOTP Baseball 16.9 Build 39